AoeStats
← audi_225

Black Forest

503847382Analyzed
4v4 RM · 29d ago on Sep 2, 2026· 10m 43s· 8 players
Game mode
Random Map
Map size
Large (8 player)
Population
200
Speed
Normal
Resources
Standard
Victory
Conquest
Starting age
Dark Age
Ending age
Imperial Age
RankedLock teamsTeams togetherTeam positionsShared explorationLock speedFull tech treeHidden civsTurbo modeCheats
Victory
Defeat
🇵🇪 Japanese · Peru
1564
+11
🇵🇪 Mongols · Peru
1559
+11
🇰🇷 Britons · South Korea
1402
+18
🇰🇷 Bohemians · South Korea
1373
+19
🇺🇦 Hindustanis · Ukraine
1494
-17
🇹🇷 Khmer · Türkiye
1469
-16
🇹🇼 Malay · Taiwan
1407
-13
🇺🇸 Romans · United States
1391
-12
BuffDuck
7:20 Loom
audi_225
TW_Picar
1:06 Loom
10:09 Feudal Age
mylove__
6:55 Loom
9:25 Feudal Age
10:10 Double-Bit Axe
남조선사람
0:51 Loom
12:43 Feudal Age
BaniWang
4:20 Loom
12:32 Feudal Age
DarkWolf110722
7:36 Loom
10:24 Feudal Age
10:36 Man-at-Arms
The_Night_Wolf
5:50 Loom
8:24 Feudal Age
9:22 Double-Bit Axe
Connection lost

Rejoining the realm…

Still unreachable

The connection could not be restored.

Session expired

The server has moved on; the page needs a fresh start.